 Dungeon Crawl Stone Soup version 0.24.0-13-gcf9b319 (webtiles) character file.

Game seed: 5427537052113465642, levelgen mode: deterministic

12552 Bronimir the Grappler (level 11, -6/105 HPs)
             Began as a Red Draconian Transmuter on Mar 16, 2020.
             Was a Priest of Sif Muna.
             Mangled by a manticore (9 damage)
             ... on level 2 of the Lair of Beasts on Mar 17, 2020.
             The game lasted 00:49:02 (13260 turns).

Bronimir the Grappler (Red Draconian Transmuter)   Turns: 13260, Time: 00:49:02

Health: -6/105     AC:  5    Str: 16    XL:     11   Next: 63%
Magic:  7/18       EV: 13    Int: 11    God:    Sif Muna [***...]
Gold:   465        SH:  0    Dex: 11    Spells: 6/20 levels left

rFire    x . .     SeeInvis .     - Unarmed
rCold    + + +     Gourm    .   (shield currently unavailable)
rNeg     . . .     Faith    .   (armour unavailable)
rPois    +         Spirit   .   (helmet currently unavailable)
rElec    .         Reflect  .   (cloak currently unavailable)
rCorr    .         Harm     .   (gloves currently unavailable)
MR       .....                  (boots currently unavailable)
Stlth    +.........             P - amulet of the acrobat
HPRegen  0.27/turn              u - ring of wizardry
MPRegen  0.16/turn              R - -3 ring of intelligence

@: ice-form, barbed spikes, very slightly contaminated
A: large, (breathe fire), unfitting armour, AC +7
a: End Transformation, Channel Magic, Forget Spell, Renounce Religion


You were on level 2 of the Lair of Beasts.
You worshipped Sif Muna.
Sif Muna was most pleased with you.
You were hungry.
You were a creature of crystalline ice.
You visited 3 branches of the dungeon, and saw 13 of its levels.

You collected 565 gold pieces.
You spent 100 gold pieces at shops.

Inventory:

Hand Weapons
 b - a +1 hunting sling
 A - a +2 vampiric long sword
 L - a +0 shortbow
 N - a +2 short sword of flaming
Missiles
 a - 233 arrows
 d - 295 stones
 n - 105 sling bullets
 I - 31 poisoned darts (quivered)
Armour
 e - a +2 pair of gloves (melded)
 r - a +1 cloak (melded)
 y - a +1 cloak
 D - a +2 buckler (melded)
Jewellery
 h - an uncursed ring of resist corrosion
 u - a ring of wizardry (left front paw)
 w - an uncursed ring of protection from cold
 B - an uncursed ring of magical power
 O - a +2 ring of evasion
 P - an amulet of the acrobat (around neck)
 Q - an uncursed ring of poison resistance
 R - a -3 ring of intelligence (right front paw)
 W - an uncursed amulet of harm
Wands
 H - a wand of polymorph (11)
 J - a wand of random effects (40)
 T - a wand of digging (6)
Scrolls
 g - 3 scrolls of teleportation
 i - 2 scrolls of magic mapping
 k - a scroll of immolation
 o - 2 scrolls of blinking
 q - 2 scrolls of fear
 s - 3 scrolls of identify
 t - 2 scrolls of remove curse
 x - a scroll of enchant armour
 E - a scroll of enchant weapon
Potions
 f - 2 potions of might {unknown}
 l - 2 potions of haste
 m - a potion of curing
 p - a potion of ambrosia {unknown}
 v - 2 potions of resistance {unknown}
 z - 2 potions of agility {unknown}
 C - 3 potions of lignification
 F - a potion of invisibility
 G - 2 potions of degeneration {unknown}
 K - a potion of cancellation {unknown}
 M - a potion of mutation {unknown}
 S - 3 potions of flight {unknown}
 U - a potion of brilliance {unknown}
 V - a potion of berserk rage {unknown}
Comestibles
 c - 15 rations
 j - 5 chunks of flesh


   Skills:
 * Level 5.5 Fighting
 + Level 0.5(0.6) Slings
 + Level 0.2(0.4) Throwing
 * Level 7.6 Dodging
 - Level 4.0 Shields
 + Level 11.7 Unarmed Combat
 + Level 5.1 Spellcasting
 * Level 7.6 Transmutations
 - Level 2.6 Poison Magic
 + Level 4.2 Invocations
 * Level 2.2 Evocations


You had 6 spell levels left.
You knew the following spells:

 Your Spells              Type           Power        Failure   Level  Hunger
a - Ice Form              Ice/Tmut       ##......     17%         4    ####...
b - Sticks to Snakes      Tmut           ###.....     1%          2    ##.....
c - Spider Form           Tmut/Pois      ##........   3%          3    ###....
d - Blade Hands           Tmut           ###.......   11%         5    ######.

Your spell library contained the following spells:

 Spells                   Type           Power        Failure   Level  Hunger
 Beastly Appendage        Tmut           ###...       1%          1    None
 Shock                    Conj/Air       #...         9%          1    None
 Swiftness                Chrm/Air       #.......     13%         2    ##.....
 Static Discharge         Conj/Air       #.......     26%         3    ###....
 Airstrike                Air            #.........   61%         4    ####...
 Lightning Bolt           Conj/Air       #.........   90%         5    ######.


Dungeon Overview and Level Annotations

Branches:
Dungeon (10/15)            Temple (1/1) D:5            Lair (2/6) D:9
 Shoals (0/4) Lair:2          Orc (0/2) D:9
  Snake: Lair:2-4    Spider: Lair:2-4

Altars:
Ashenzari
Cheibriados
Dithmenos
Fedhas
Gozag
Kikubaaqudgha
Makhleb
Nemelex Xobeh
Okawaru
Qazlal
Ru
Sif Muna
Trog
Uskayaw
Vehumet
Wu Jian
Xom
Yredelemnul
Zin
The Shining One

Shops:
D:4 **(


Innate Abilities, Weirdness & Mutations

((You can breathe blasts of fire.))
((Your fiery red scales are hard. (AC +7)))
You cannot fit into any form of body armour.
((Your flesh is heat resistant. (rF+)))
((You are cold-blooded and may be slowed by cold attacks.))


Message History

Your +1 cloak melds into your body.
Your +2 pair of gloves melds into your body.
Your +2 buckler melds into your body.
You are feeling hungry.
The barbs in your skin will harm you if you move.
Continue?
The barbed spikes dig painfully into your body as you move.
* * * LOW HITPOINT WARNING * * *
You feel better.
You pummel the manticore!! You freeze the manticore!
The manticore is severely wounded.
You punch the manticore! You freeze the manticore.
The manticore is almost dead.
The manticore closely misses you. The manticore claws you.
* * * LOW HITPOINT WARNING * * *
The manticore claws you!
* * * LOW HITPOINT WARNING * * *
You hit the manticore. You freeze the manticore.
The manticore is almost dead.
The manticore bites you!
You die...

..... .....
......##
#...........##
#............##
#.....<.......###
#...............##
#....P..##.....


You could see a manticore.

Vanquished Creatures
  Harold (D:7)
  Sonja (Lair:1)
  Joseph (D:7)
  3 hippogriffs
  Sigmund (D:5)
  19 yaks
  Menkaure (D:7)
  2 water moccasins
  8 porcupines
  2 sky beasts
  6 orc warriors
  5 black bears
  3 ice beasts
  9 ogres
  2 phantoms
  8 wolves (Lair:1)
  2 crocodiles (Lair:1)
  2 centaurs (D:6)
  A big kobold (D:8)
  2 bullfrogs
  2 wyvern skeletons
  15 killer bees
  A scorpion (D:8)
  11 wights
  2 vampire bats (D:3)
  3 howler monkeys (D:9)
  4 crimson imps
  2 bullfrog zombies
  A centaur zombie (D:6)
  A centaur skeleton (D:7)
  3 hounds
  3 jellies
  An orc priest (D:9)
  3 orc wizards
  5 bullfrog skeletons
  2 iguanas
  5 worker ants
  Natasha (twice) (D:2)
  2 killer bee zombies
  A hound zombie (D:6)
  A worker ant zombie (D:6)
  7 adders
  10 gnolls
  A shadow imp (D:9)
  2 oozes
  An adder skeleton (D:6)
  A worm (D:4)
  3 dart slugs
  7 leopard geckos
  22 orcs
  2 ball pythons
  7 giant cockroaches
  3 goblins
  4 hobgoblins
  4 jackals
  13 kobolds
  3 quokkas
  13 bats
  4 frilled lizards
  A leopard gecko skeleton (D:4)
  A quokka skeleton (D:5)
  A quokka zombie (D:6)
  11 rats
270 creatures vanquished.

Vanquished Creatures (collateral kills)
  Grinder (D:5)
  An ogre (D:2)
  Natasha (D:2)
  An orc (D:5)
4 creatures vanquished.

Vanquished Creatures (others)
  4 fungi (D:9)
  A plant (Lair:1)
5 creatures vanquished.

Grand Total: 279 creatures vanquished

Notes
Turn   | Place    | Note
-------+----------+-------------------------------------------
     0 | D:1      | Bronimir the Draconian Transmuter began the quest for the
                  | Orb.
     0 | D:1      | Reached XP level 1. HP: 16/16 MP: 3/3
   139 | D:1      | Reached XP level 2. HP: 23/23 MP: 5/5
   280 | D:1      | Learned a level 2 spell: Sticks to Snakes
   553 | D:1      | Reached XP level 3. HP: 24/28 MP: 6/6
   570 | D:1      | Learned a level 3 spell: Spider Form
   923 | D:2      | Noticed Natasha
   933 | D:2      | Killed Natasha
   933 | D:2      | Reached skill level 4 in Unarmed Combat
  1183 | D:2      | Noticed Natasha
  1191 | D:2      | Killed Natasha
  1191 | D:2      | Reached XP level 4. HP: 22/35 MP: 2/7
  1203 | D:2      | Noticed Natasha
  1210 | D:2      | Killed Natasha
  1470 | D:2      | Noticed an ogre
  1608 | D:2      | Reached skill level 1 in Poison Magic
  1714 | D:2      | Killed an ogre
  1714 | D:2      | Reached skill level 5 in Unarmed Combat
  1714 | D:2      | Reached XP level 5. HP: 6/40 MP: 0/8
  2353 | D:3      | Reached XP level 6. HP: 40/47 MP: 5/9
  3179 | D:4      | Found a shadowy altar of Dithmenos.
  3216 | D:4      | You fall into a shaft and drop 3 floors!
  3242 | D:7      | Noticed an orc warrior
  3255 | D:7      | Killed an orc warrior
  3336 | D:7      | Found an opulent altar of Gozag.
  3371 | D:7      | Noticed Joseph
  3388 | D:6      | Noticed an orc warrior
  3403 | D:6      | Killed an orc warrior
  3403 | D:6      | Your scales start taking on a fiery red colour.
  3403 | D:6      | Reached XP level 7. HP: 10/52 MP: 8/11
  3403 | D:6      | Gained mutation: Your flesh is heat resistant. (rF+) [Red
                  | Draconian growth]
  3686 | D:5      | Entered Level 5 of the Dungeon
  3736 | D:4      | Found Zeseg's General Store.
  3745 | D:4      | Learned a level 5 spell: Blade Hands
  3750 | D:4      | Bought 2 potions of heal wounds for 100 gold pieces
  3771 | D:4      | Found Qirhos's Assorted Antiques.
  3775 | D:4      | Found Suarph's Antique Weapon Shop.
  4050 | D:5      | Noticed Grinder
  4164 | D:5      | Paralysed by Grinder for 5 turns
  4170 | D:5      | Killed Grinder
  4170 | D:5      | Reached skill level 6 in Unarmed Combat
  4327 | D:5      | Found a staircase to the Ecumenical Temple.
  4337 | D:5      | Noticed Sigmund
  4339 | Temple   | Entered the Ecumenical Temple
  4574 | Temple   | Became a worshipper of Sif Muna the Loreminder
  4816 | D:5      | Reached skill level 1 in Shields
  5112 | D:5      | Reached XP level 8. HP: 61/61 MP: 9/13
  5205 | D:5      | Killed Sigmund
  5205 | D:5      | Reached skill level 1 in Invocations
  5494 | D:6      | Reached skill level 7 in Unarmed Combat
  5705 | D:6      | Reached * piety under Sif Muna
  5826 | D:6      | Reached XP level 9. HP: 68/68 MP: 14/14
  5960 | D:6      | Reached skill level 8 in Unarmed Combat
  6264 | D:7      | Reached skill level 5 in Transmutations
  6290 | D:7      | Noticed Harold
  6308 | D:7      | Killed Harold
  6308 | D:7      | Reached skill level 9 in Unarmed Combat
  6321 | D:7      | Killed Joseph
  6620 | D:6      | Reached skill level 5 in Dodging
  6811 | D:7      | Reached XP level 10. HP: 64/75 MP: 16/16
  6994 | D:7      | Noticed Menkaure
  6998 | D:7      | Killed Menkaure
  7180 | D:8      | Reached ** piety under Sif Muna
  7330 | D:8      | Reached skill level 10 in Unarmed Combat
  9497 | D:9      | Found a staircase to the Orcish Mines.
  9689 | D:9      | Reached *** piety under Sif Muna
  9954 | D:9      | Found a staircase to the Lair.
 10157 | D:9      | Reached skill level 11 in Unarmed Combat
 10400 | D:9      | Reached XP level 11. HP: 15/85 MP: 15/17
 10409 | D:9      | HP: 1/85 [yak (12)]
 11054 | D:9      | Learned a level 4 spell: Ice Form
 11326 | D:10     | Entered Level 10 of the Dungeon
 11326 | D:10     | Found a shimmering altar of Xom.
 11361 | Lair:1   | Entered Level 1 of the Lair of Beasts
 11389 | D:9      | Reached skill level 1 in Evocations
 11687 | Lair:1   | Reached skill level 5 in Fighting
 12372 | Lair:1   | Reached skill level 5 in Spellcasting
 12559 | Lair:1   | Noticed Sonja
 13004 | Lair:1   | Killed Sonja
 13229 | Lair:2   | Found a staircase to the Shoals.
 13250 | Lair:2   | HP: 3/88 [manticore/volley of spikes (18)]
 13259 | Lair:2   | HP: 3/105 [manticore (11)]
 13260 | Lair:2   | Mangled by a manticore

Levels and vault maps discovered:
D:1:      lemuel_arrival_funnel, layout_basic, minmay_pentomino_w4
D:2:      layout_basic, first_ration, uniq_natasha
D:3:      layout_basic, roderic_batcave
D:4:      layout_rooms, serial_shops, shop, shop, nicolae_shop_stone,
          nicolae_dithmenos_through_a_glass_darkly
D:5:      layout_rooms, minmay_temple_entry_arrows, uniq_grinder, uniq_sigmund
D:6:      minmay_recursive_quarters, layout_loops_ring,
          nicolae_overflow_hidden_temple
D:7:      layout_rooms, kennysheep_little_box, uniq_menkaure, uniq_joseph,
          uniq_harold
D:8:      layout_loops_ring, grunt_pizzeria
D:9:      layout_grid_maze, grunt_lair_entry_orc_guard_hut, orc_0_dummy
D:10:     layout_rooms, xom_teletrap_fun
Temple:   eino_narrow_crystal_temple
Lair:1:   layout_big_grid, beast_lair_carwin_7, uniq_sonja
Lair:2:   regret_index_combs_of_tragedy, layout_regular_city,
          minmay_shoals_entry_beasts, gauntlet_entry_generic, uniq_gastronok

Skill      XL: |  1  2  3  4  5  6  7  8  9 10 11 |
---------------+----------------------------------+-----
Dodging        | 2 3 4 5 6 7 |  7.6
Unarmed Combat | 4 5 6 7 9 11 | 11.7
Poison Magic   | 1 2 |  2.6
Transmutations | 3 4 5 6 7 |  7.6
Spellcasting   | 3 4 5 |  5.1
Fighting       | 2 4 5 |  5.5
Shields        | 1 2 3 4 |  4.0
Invocations    | 2 4 |  4.2
Evocations     | 2 |  2.2
Slings         | |  0.5
Throwing       | |  0.2

Action                   |  1- 3 |  4- 6 |  7- 9 | 10-12 || total
-------------------------+-------+-------+-------+-------++-------
Melee: Unarmed           |   137 |   135 |   300 |   468 ||  1040
       Tailslap          |    11 |     8 |    18 |    39 ||    76
       Kick              |     4 |     3 |       |       ||     7
       Punch             |     1 |     4 |     2 |     4 ||    11
       Headbutt          |       |     5 |       |       ||     5
 Fire: Hunting sling     |       |     3 |     5 |       ||     8
Throw: Stone             |       |       |     2 |     2 ||     4
       Dart              |       |       |       |     3 ||     3
 Cast: Sticks to Snakes  |     5 |     2 |     4 |     8 ||    19
       Beastly Appendage |     4 |     7 |       |       ||    11
       Spider Form       |       |     4 |    25 |    15 ||    44
       Blade Hands       |       |       |       |    11 ||    11
       Ice Form          |       |       |       |     1 ||     1
 Abil: End Transformatio |       |       |     6 |     2 ||     8
       Breathe Fire      |       |       |     8 |    14 ||    22
Evoke: Wand              |       |       |       |     1 ||     1
  Use: Scroll            |       |     1 |       |    22 ||    23
       Potion            |       |       |     4 |     9 ||    13
 Stab: Sleeping          |     1 |     2 |       |       ||     3
       Distracted        |       |       |     1 |       ||     1
  Eat: Chunk             |     1 |     8 |    13 |    19 ||    41
       Ration            |       |       |     1 |     3 ||     4
Armor: Skin              |    56 |    73 |    63 |    93 ||   285
Dodge: Dodged            |    97 |   124 |   255 |   471 ||   947
Block: Buckler           |       |       |    17 |    57 ||    74
